 Dungeon Crawl Stone Soup version 0.23.2-33-g5129a83184 (webtiles) character file.

Game seed: 16857606136870134893

3173 Derp the Basher (level 9, 0/82 HPs)
             Began as a Minotaur Monk on July 22, 2019.
             Was a Believer of Elyvilon.
             Slain by a polar bear (13 damage)
             ... on level 8 of the Dungeon.
             The game lasted 00:18:54 (6871 turns).

Derp the Basher (Minotaur Monk)                     Turns: 6871, Time: 00:18:55

Health: 0/82       AC: 17    Str: 19    XL:     9   Next: 63%
Magic:  7/8        EV: 10    Int:  7    God:    Elyvilon [**....]
Gold:   371        SH:  0    Dex: 13    Spells: 8/8 levels left

rFire    . . .     SeeInvis .   i - +0 mace (protect)
rCold    . . .     Gourm    .   (no shield)
rNeg     . . .     Faith    .   o - +0 chain mail
rPois    .         Spirit   .   (helmet restricted)
rElec    .         Reflect  .   e - +0 cloak
rCorr    .         Harm     .   h - +0 pair of gloves
MR       +....                  (no boots)
Stlth    ..........             (no amulet)
HPRegen  0.23/turn              n - -3 ring of protection
MPRegen  0.11/turn              b - ring of protection from magic

@: protection aura
A: retaliatory headbutt, horns 2
a: Lesser Healing, Heal Other, Divine Protection, Renounce Religion


You were on level 8 of the Dungeon.
You worshipped Elyvilon.
Elyvilon was pleased with you.
You were very hungry.

You visited 2 branches of the dungeon, and saw 9 of its levels.

You collected 371 gold pieces.

Inventory:

Hand Weapons
 a - a +0 mace
 i - a +0 mace of protection (weapon)
Armour
 e - a +0 cloak (worn)
 h - a +0 pair of gloves (worn)
 o - a +0 chain mail (worn)
Jewellery
 b - a ring of protection from magic (right hand)
 f - an uncursed ring of see invisible {unknown}
 n - a -3 ring of protection (left hand)
 s - a cursed -6 ring of strength {unknown}
Scrolls
 g - a scroll of random uselessness {unknown}
 l - a scroll of enchant weapon
 q - 2 scrolls of remove curse
 v - a scroll of summoning {unknown}
 y - a scroll of enchant armour {unknown}
 z - 2 scrolls of teleportation
 A - a scroll of identify
 B - a scroll of magic mapping
Potions
 j - 2 potions of heal wounds
 k - 2 potions of magic
 m - a potion of brilliance {unknown}
 p - 2 potions of curing {unknown}
 r - 3 potions of lignification
 t - 2 potions of cancellation {unknown}
 u - a potion of berserk rage {unknown}
 w - a potion of resistance {unknown}
 x - 2 potions of flight {unknown}
Comestibles
 c - 4 rations


   Skills:
 + Level 8.5 Fighting
 + Level 11.6 Maces & Flails
 + Level 7.5 Armour
 + Level 4.9 Dodging
 + Level 2.0 Stealth


You had 8 spell levels left.
You didn't know any spells.
Your spell library was empty.

Dungeon Overview and Level Annotations

Branches:
Dungeon (8/15)             Temple (1/1) D:7
   Lair: D:8-11

Altars:
Ashenzari
Cheibriados
Dithmenos
Elyvilon
Fedhas
Gozag
Hepliaklqana
Makhleb
Nemelex Xobeh
Okawaru
Qazlal
Ru
Sif Muna
Trog
Uskayaw
Vehumet
Wu Jian
Xom
Yredelemnul
Zin
The Shining One

Annotations:
D:6 1 runed translucent door, Tramtrist's ghost, novice DDFi


Innate Abilities, Weirdness & Mutations

You reflexively headbutt those who attack you in melee.
You have a pair of horns on your head.


Message History

The polar bear is almost dead.
You are feeling very hungry.
The polar bear bites you but does no damage.
The polar bear claws you but does no damage. x2
You completely miss the polar bear. You headbutt the polar bear.
The polar bear is almost dead.
The polar bear bites you!
* * * LOW HITPOINT WARNING * * *
The polar bear claws you but does no damage.
The polar bear closely misses you. The polar bear barely misses you.
The polar bear completely misses you.
The polar bear claws you but does no damage.
Your chain mail prevents you from hitting the polar bear.
The polar bear is almost dead.
The polar bear bites you!
* * * LOW HITPOINT WARNING * * *
The polar bear barely misses you.
The polar bear claws you but does no damage.
You are healed.
You feel somewhat more hungry. The polar bear bites you!
You die...

o.####
...................
#.
########..(........
oo ##...#........
##...##.(......
##...###.(......
##...## ##((.....
#...## #<......
##.### #...(...
##@## ##....(.
##h## #...... ##.##
##..... ##.##
##.... ###.## ##..#
##..## #### #..##
#..## #..#


You could see a polar bear (berserk).

Vanquished Creatures
  2 yaks (D:8)
  Sigmund (D:6)
  A hungry ghost (D:8)
  Menkaure (D:6)
  2 ice beasts
  A phantom (D:7)
  2 necrophages (D:6)
  5 centaurs
  An ogre (D:5)
  3 bullfrogs
  3 scorpions
  An electric eel (D:8)
  2 howler monkeys
  5 crimson imps
  An orc priest (D:6)
  2 hounds
  2 bullfrog zombies
  A gnoll shaman (D:7)
  3 orc wizards
  Jessica (D:3)
  2 iguanas
  6 worker ants
  2 killer bee zombies (D:7)
  A bullfrog simulacrum (D:8)
  A hound zombie (D:8)
  11 adders
  14 gnolls
  A hound simulacrum (D:8)
  A shadow imp (D:8)
  A white imp (D:8)
  2 oozes
  2 adder skeletons
  5 worms
  2 dart slugs
  4 leopard geckos
  10 orcs
  A ball python (D:4)
  3 giant cockroaches
  8 goblins
  5 hobgoblins
  13 jackals
  3 kobolds
  5 bats
  6 frilled lizards
  A leopard gecko simulacrum (D:8)
  A leopard gecko skeleton (D:4)
  10 rats
161 creatures vanquished.

Notes
Turn   | Place    | Note
-------+----------+-------------------------------------------
     0 | D:1      | Derp the Minotaur Monk began the quest for the Orb.
     0 | D:1      | Reached XP level 1. HP: 19/19 MP: 0/0
   164 | D:1      | Reached XP level 2. HP: 27/27 MP: 1/1
   439 | D:1      | Reached skill level 4 in Maces & Flails
   742 | D:2      | Reached XP level 3. HP: 30/34 MP: 2/2
   797 | D:2      | Reached XP level 4. HP: 35/41 MP: 3/3
   967 | D:2      | Reached skill level 5 in Fighting
  1257 | D:2      | Reached skill level 5 in Maces & Flails
  1257 | D:2      | Reached skill level 1 in Armour
  1273 | D:2      | Reached XP level 5. HP: 29/48 MP: 4/4
  1508 | D:3      | Noticed Jessica
  1520 | D:3      | Killed Jessica
  1573 | D:3      | Reached skill level 6 in Maces & Flails
  1573 | D:3      | Reached XP level 6. HP: 51/56 MP: 5/5
  2680 | D:5      | Entered Level 5 of the Dungeon
  2751 | D:5      | Reached skill level 7 in Maces & Flails
  2751 | D:5      | Reached XP level 7. HP: 46/62 MP: 6/6
  3109 | D:5      | Reached skill level 8 in Maces & Flails
  3887 | D:6      | Noticed Sigmund
  3984 | D:6      | Killed Sigmund
  3984 | D:6      | Reached skill level 9 in Maces & Flails
  3984 | D:6      | Reached XP level 8. HP: 32/73 MP: 7/7
  4262 | D:6      | Found a runed translucent door.
  4384 | D:6      | Reached skill level 5 in Armour
  4392 | D:6      | Noticed Menkaure
  4402 | D:6      | Killed Menkaure
  4631 | D:6      | Reached skill level 10 in Maces & Flails
  4640 | D:6      | Noticed Tramtrist's ghost (novice DDFi)
  4743 | D:7      | Found a staircase to the Ecumenical Temple.
  4763 | Temple   | Entered the Ecumenical Temple
  4790 | Temple   | Became a worshipper of Elyvilon the Healer
  4790 | Temple   | Reached * piety under Elyvilon
  4790 | Temple   | Reached ** piety under Elyvilon
  5158 | D:7      | Reached XP level 9. HP: 58/81 MP: 8/8
  5661 | D:8      | Reached skill level 11 in Maces & Flails
  6105 | D:8      | HP: 4/81 [centaur/arrow (7)]
  6848 | D:8      | Noticed a polar bear
  6871 | D:8      | Slain by a polar bear

Skill      XL: |  1  2  3  4  5  6  7  8  9 |
---------------+----------------------------+-----
Fighting       | 4 5 7 8 |  8.5
Maces & Flails | 4 5 6 7 9 10 11 | 11.6
Armour         | 1 2 3 4 6 7 |  7.5
Dodging        | 4 |  4.9
Stealth        | 2 |  2.0

Action                   |  1- 3 |  4- 6 |  7- 9 || total
-------------------------+-------+-------+-------++-------
Melee: Mace              |    58 |   161 |   380 ||   599
       Headbutt          |    20 |    22 |    79 ||   121
Invok: Lesser Healing    |       |       |     1 ||     1
  Use: Scroll            |       |     8 |     3 ||    11
       Potion            |       |       |     5 ||     5
  Eat: Ration            |       |     1 |     2 ||     3
       Chunk             |       |     2 |    11 ||    13
Armor: Scale mail        |    11 |       |       ||    11
       Robe              |     1 |       |       ||     1
       Chain mail        |    12 |   124 |   225 ||   361
Dodge: Dodged            |    21 |    91 |   189 ||   301
